 Dungeon Crawl Stone Soup version 0.30.1-1-g62c8e00024 (webtiles) character file.

Game seed: 5637013357369963102

11878 boopmooplesden the Basher (level 11, -3/103 HPs)
             Began as a Gargoyle Berserker on July 15, 2023.
             Was an Elder of Trog.
             Slain by an eight-headed hydra (18 damage)
             ... on level 1 of the Lair of Beasts.
             The game lasted 00:15:17 (9765 turns).

boopmooplesden the Basher (Gargoyle Berserker)      Turns: 9765, Time: 00:15:18

Health: -3/103     AC: 30    Str: 25    XL:     11   Next: 84%
Magic:  11/11      EV: 12    Int:  8    God:    Trog [****..]
Gold:   724        SH:  0    Dex:  9    Spells: 10/10 levels left

rFire   . . .        v - +6 shillelagh "Devastator" {shatter}
rCold   . . .        (no shield)
rNeg    + . .        x - +2 scale mail {rC+}
rPois   ∞            t - +1 helmet "Ufynnodusi" {rC- rCorr SInv Stlth+}
rElec   +            o - +1 cloak
rCorr   +            (no gloves)
SInv    +            G - +2 pair of boots
Will    .....        g - amulet of regeneration Stlth
                     c - +4 ring of protection
HPRegen 1.17/turn    F - +4 ring of slaying
MPRegen 0.12/turn

%: no passive effects
@: berserking, very quick
A: sickness immunity, AC +8, negative energy resistance 1, electricity
resistance, torment resistance 1, petrification resistance
a: Renounce Religion, Berserk, Trog's Hand, Brothers in Arms


You were on level 1 of the Lair of Beasts.
You worshipped Trog.
Trog was greatly pleased with you.
You visited 2 branches of the dungeon, and saw 12 of its levels.
You also visited: Sewer.

You collected 724 gold pieces.

Inventory:

Hand Weapons
 a - a +3 falchion of freezing
 v - the +6 shillelagh "Devastator" (weapon) {shatter}
   (You found it on level 4 of the Dungeon)
Missiles
 A - 10 javelins (quivered)
 J - 6 silver javelins
 M - 3 throwing nets
Armour
 d - a +0 plate armour
 i - a +0 ring mail
 j - a +0 chain mail
 o - a +1 cloak (worn)
 t - the +1 helmet "Ufynnodusi" (worn) {rC- rCorr SInv Stlth+}
   (You found it on level 3 of the Dungeon)

   rC:        It makes you vulnerable to cold.
   SInv:      It lets you see invisible.
   rCorr:     It protects you from acid and corrosion.
   Stlth:     It makes you more stealthy.
 x - a +2 scale mail of cold resistance (worn)
 G - a +2 pair of boots (worn)
Jewellery
 c - a +4 ring of protection (left hand)
 g - an amulet of regeneration (around neck)
 B - a ring of willpower
 F - a +4 ring of slaying (right hand)
 H - an amulet of reflection
Wands
 f - a wand of mindburst (15)
 w - a wand of polymorph (5)
 y - a wand of paralysis (13)
 K - a wand of flame (8)
 N - a wand of roots (5)
Scrolls
 h - a scroll of fear
 l - 7 scrolls of teleportation
 p - a scroll of magic mapping
 s - a scroll of enchant weapon
 D - a scroll of poison
 E - 8 scrolls of identify
 I - a scroll of brand weapon
 L - a scroll of amnesia {unknown}
 P - a scroll of summoning
Potions
 b - 4 potions of curing
 e - 11 potions of flight
 k - 5 potions of heal wounds
 m - a potion of resistance
 n - 5 potions of lignification {unknown}
 q - 2 potions of might {unknown}
 r - 2 potions of haste
 u - a potion of ambrosia {unknown}
 z - a potion of mutation {unknown}
 C - a potion of invisibility
 O - a potion of berserk rage {unknown}


   Skills:
 + Level 8.6 Fighting
 + Level 6.9 Long Blades
 + Level 13.9 Maces & Flails
 + Level 0.9 Throwing
 + Level 9.3 Armour
 + Level 6.6 Dodging
 + Level 4.1 Stealth


You had 10 spell levels left.
You didn't know any spells.
Your spell library was empty.

Dungeon Overview and Level Annotations

Branches:
Dungeon (11/15)            Temple (0/1) D:6            Lair (1/5) D:8
  Sewer (visited)
    Orc: D:9-12

Altars:
Kikubaaqudgha
Trog
Vehumet
The Shining One

Shops:
D:6 ?

Portals:
Trove: D:10 (give +5 demon whip)

Annotations:
D:11 2 transporters, booth's ghost, journeyman DrAE
Lair:1 1 transporter, Fractals's ghost, journeyman KoHu


Innate Abilities, Weirdness & Mutations

You are immune to sickness and miasma.
Your stone body is resilient. (AC +8)
You are immune to poison.
You resist negative energy. (rN+)
You are resistant to electric shocks. (rElec)
You are resistant to unholy torment.
You are immune to petrification.


Message History

The eight-headed hydra roars!
The cane toad gives a loud, deep croak!
The cane toad stings you!
Really renounce your faith, foregoing its fabulous benefits? [Y]es or [N]o only, please.
Really renounce your faith, foregoing its fabulous benefits? [Y]es or [N]o only, please.
Really renounce your faith, foregoing its fabulous benefits?
Okay, then.
Your ogre goes berserk!
The bullfrog releases a deep croak.
The cane toad stings you but does no damage.
The eight-headed hydra bites you. x2
The eight-headed hydra bites you but does no damage. x3
The eight-headed hydra closely misses you.
The eight-headed hydra bites you but does no damage.
The eight-headed hydra bites you!
A red film seems to cover your vision as you go berserk!
You feel yourself moving faster!
You feel mighty! Trog will no longer gift you weapons.
The moth of wrath closely misses you. The cane toad stings you!
Your ogre hits the eight-headed hydra with a +0 giant club.
The eight-headed hydra bites you but does no damage.
The eight-headed hydra bites you!
The eight-headed hydra bites you but does no damage.
The eight-headed hydra closely misses you.
The eight-headed hydra bites you!
The eight-headed hydra bites you but does no damage. x3
The moth of wrath goads the cane toad on!
The cane toad goes berserk!
The moth of wrath goads the eight-headed hydra on!
The eight-headed hydra goes berserk!
You sock the moth of wrath!
The moth of wrath and the bullfrog shudder.
The moth of wrath is moderately wounded.
The bullfrog is almost dead.
The moth of wrath is moderately wounded.
The cane toad stings you!!
* * * LOW HITPOINT WARNING * * *
Fractals's ghost closely misses you. The eight-headed hydra bites you!!
You die...

.....#####.##....................
###...P# ##...#####..............
.......####.###...###............
#..###......#.......##...........
..........#.#...#.#..#.##P.......
...#...##...#...#.#..#...........
...#.#.##..##.#..l..##...........
.#.#.#.##..#.#.F.#.?#...#.##.....
.......#...# #@yF:#©..#..#.....
.#...#.#...##..D.W#!#..##.###....
.....#.....©#.#O..#!##.P#........
.#...#.....##..##.#. #..#........
##.#.......#...#...#.#.##........
...........##....#..##.######.#..
####........##y.©...#..# ###..
#####.##..#####.##.## ###
#####.....###..#


You could see a skyshark, an eight-headed hydra (berserk, ally target), a moth
of wrath, a cane toad (berserk), a bullfrog, Fractals's ghost and a friendly
ogre (summoned, berserk).

Vanquished Creatures
  Harold (D:10)
  2 two-headed ogres
  Urug (D:10)
  Joseph (D:8)
  A komodo dragon (Lair:1)
  An unseen horror (D:10)
  A guardian mummy (D:10)
  A burning bush (Lair:1)
  A shadow (D:11)
  Sigmund (D:3)
  2 wyverns
  A vampire (D:11)
  2 wraiths
  12 yaks
  A basilisk (Lair:1)
  3 vampire mosquitoes (D:9)
  Menkaure (D:7)
  3 water moccasins
  Duvessa (D:7)
  4 orc warriors
  An ice beast (D:5)
  4 ogres
  2 black bears (D:7)
  A centaur (D:5)
  A phantom (D:5)
  4 kobold brigands
  3 bullfrogs
  A scorpion (D:5)
  15 wights
  Dowan (D:7)
  12 killer bees
  9 howler monkeys
  3 hounds
  A jelly (D:7)
  12 orc priests
  Crazy Yiuf (D:2)
  A gnoll bouda (D:8)
  Jessica (D:3)
  5 orc wizards
  Terence (D:3)
  A sleepcap (D:5)
  Natasha (thrice) (D:2)
  2 iguanas (D:4)
  4 gnolls (D:8)
  3 river rats (Sewer)
  4 adders
  2 ufetubi
  3 worms
  3 dart slugs
  27 orcs
  5 endoplasms
  A giant cockroach (D:2)
  3 goblins
  7 hobgoblins
  3 jackals (D:4)
  14 kobolds
  3 quokkas
  9 ball pythons
  2 bats (D:1)
  3 frilled lizards
  9 rats
231 creatures vanquished.

Notes
Turn   | Place    | Note
-------+----------+-------------------------------------------
     0 | D:1      | boopmooplesden the Gargoyle Berserker began the quest for
                  | the Orb.
     0 | D:1      | Reached XP level 1. HP: 14/14 MP: 1/1
   242 | D:1      | Reached XP level 2. HP: 16/19 MP: 2/2
   963 | D:2      | Reached XP level 3. HP: 24/24 MP: 3/3
  1044 | D:2      | Found a runed translucent door.
  1045 | D:2      | Noticed Crazy Yiuf
  1051 | D:2      | Killed Crazy Yiuf
  1130 | D:2      | Reached XP level 4. HP: 25/29 MP: 4/4
  1171 | D:2      | Noticed Natasha
  1182 | D:2      | Killed Natasha
  1182 | D:2      | Reached ** piety under Trog
  1272 | D:2      | Noticed Natasha
  1280 | D:2      | Killed Natasha
  1378 | D:2      | Noticed Natasha
  1391 | D:2      | Killed Natasha
  1392 | D:2      | Reached XP level 5. HP: 19/33 MP: 5/5
  1768 | D:2      | Identified a scroll of acquirement
  1768 | D:2      | Acquired a manual of Maces & Flails
  1846 | D:3      | Found a glowing drain.
  1863 | D:3      | Noticed Sigmund
  1877 | D:3      | Killed Sigmund
  1878 | D:3      | Reached XP level 6. HP: 38/38 MP: 6/6
  1904 | Sewer    | Entered a sewer
  2013 | Sewer    | Reached skill level 5 in Long Blades
  2032 | Sewer    | Reached XP level 7. HP: 41/44 MP: 7/7
  2063 | Sewer    | Found a glowing silver altar of Zin.
  2125 | D:3      | Noticed Jessica
  2132 | D:3      | Killed Jessica
  2526 | D:3      | Noticed Terence
  2531 | D:3      | Killed Terence
  2683 | D:3      | Identified the +1 helmet "Ufynnodusi" {rC- rCorr SInv
                  | Stlth+}
  3087 | D:4      | Found the +6 shillelagh "Devastator" {shatter}
  3520 | D:5      | Entered Level 5 of the Dungeon
  3545 | D:5      | Reached skill level 1 in Maces & Flails
  3568 | D:5      | Reached XP level 8. HP: 48/48 MP: 8/8
  3615 | D:5      | Reached skill level 2 in Maces & Flails
  4174 | D:6      | Found a staircase to the Ecumenical Temple.
  4183 | D:6      | Reached *** piety under Trog
  4186 | D:6      | Reached skill level 5 in Fighting
  4186 | D:6      | Reached skill level 3 in Maces & Flails
  4186 | D:6      | Reached skill level 5 in Armour
  4187 | D:6      | Found Deyploed's Magic Scroll Boutique.
  4525 | D:6      | Reached skill level 4 in Maces & Flails
  4959 | D:7      | Reached skill level 5 in Maces & Flails
  4959 | D:7      | Reached XP level 9. HP: 54/54 MP: 9/9
  4977 | D:7      | Reached skill level 1 in Stealth
  4993 | D:7      | Reached skill level 6 in Maces & Flails
  5003 | D:7      | Noticed Menkaure
  5012 | D:7      | Killed Menkaure
  5155 | D:7      | Noticed Dowan
  5155 | D:7      | Noticed Duvessa
  5164 | D:7      | Reached skill level 7 in Maces & Flails
  5165 | D:7      | Killed Duvessa
  5173 | D:7      | Killed Dowan
  5762 | D:8      | Found a glowing golden altar of the Shining One.
  5801 | D:8      | Reached skill level 8 in Maces & Flails
  5920 | D:8      | Reached skill level 5 in Dodging
  6028 | D:8      | Reached **** piety under Trog
  6096 | D:8      | Reached XP level 10. HP: 46/60 MP: 10/10
  6127 | D:8      | Found a staircase to the Lair.
  6240 | D:8      | Found a large runed translucent door.
  6240 | D:8      | Found a large runed translucent door.
  6344 | D:8      | Noticed Joseph
  6351 | D:8      | Killed Joseph
  6352 | D:8      | Reached skill level 9 in Maces & Flails
  6669 | D:8      | Found a bloodstained altar of Trog.
  6676 | D:8      | Found a radiant altar of Vehumet.
  6751 | D:9      | Reached skill level 10 in Maces & Flails
  7028 | D:9      | Reached skill level 11 in Maces & Flails
  7309 | D:10     | Entered Level 10 of the Dungeon
  7319 | D:10     | Noticed a two-headed ogre
  7324 | D:10     | Killed a two-headed ogre
  7399 | D:10     | Noticed Urug
  7410 | D:10     | Killed Urug
  7411 | D:10     | Reached skill level 12 in Maces & Flails
  7411 | D:10     | Reached XP level 11. HP: 57/67 MP: 11/11
  7624 | D:10     | Reached ***** piety under Trog
  7625 | D:10     | Reached skill level 13 in Maces & Flails
  7764 | D:10     | Noticed Harold
  7772 | D:10     | Killed Harold
  7811 | D:10     | Found a portal to a secret trove of treasure.
  8331 | D:11     | Found an ancient bone altar of Kikubaaqudgha.
  8345 | D:11     | Noticed a tengu warrior
  8346 | D:11     | Noticed a moth of wrath
  8351 | D:11     | Found a bloodstained altar of Trog.
  8357 | D:11     | Noticed a two-headed ogre
  8358 | D:11     | Noticed booth's ghost (journeyman DrAE)
  8358 | D:11     | Noticed a two-headed ogre
  8375 | D:11     | Found a transporter.
  8378 | D:11     | Found a transporter.
  8655 | D:11     | Noticed a two-headed ogre
  8664 | D:11     | Killed a two-headed ogre
  8942 | Lair:1   | Entered Level 1 of the Lair of Beasts
  8965 | Lair:1   | Received a gift from Trog
  9006 | Lair:1   | Noticed a moth of wrath
  9013 | Lair:1   | Noticed an eight-headed hydra
  9013 | Lair:1   | Noticed a skyshark
  9013 | Lair:1   | Noticed Fractals's ghost (journeyman KoHu)
  9181 | Lair:1   | Found a transporter.
  9198 | Lair:1   | Found a transporter.
  9765 | Lair:1   | Slain by an eight-headed hydra

Illustrated notes

Levels and vault maps discovered:
D:1:      mainiacjoe_arrival_reflecting_pool, layout_loops_corners,
          minmay_cupped
D:2:      layout_rooms, hex_medium, kennysheep_pointless_box, uniq_natasha,
          uniq_crazy_yiuf_cottage
D:3:      layout_basic, serial_corexii_hall, corexii_hall_statues_x,
          chequers_hall_statues_corner_a, chequers_hall_statues_y,
          portal_sewer_entry_d, uniq_sigmund, uniq_jessica, uniq_terence
D:4:      layout_basic, dilly_guarded_unrand_devastator
D:5:      layout_gridville
D:6:      layout_cave_pods, minmay_temple_entry_junction, serial_shops,
          kennysheep_mini_moat
D:7:      layout_basic, uniq_duvessa, uniq_menkaure
D:8:      layout_layer_cave, jmf_multi_god_temple2, tso_metal_star, uniq_joseph
D:9:      layout_roguey
D:10:     layout_grid_maze, nicolae_trove_entry_path_of_doom, uniq_harold,
          uniq_urug
D:11:     layout_irregular_city, gammafunk_ghost_wrathful_warriors,
          kiku_gazebo_pond_becter
Lair:1:   layout_gridlike, gammafunk_ghost_berserking_beasts, minivault_27,
          evilmike_ambush [evilmike_ambush_outer_basic,
          evilmike_ambush_inner_basic]

Skill      XL: |  1  2  3  4  5  6  7  8  9 10 11 |
---------------+----------------------------------+-----
Long Blades    | 3 4 5 6 |  6.9
Dodging        | 2 3 4 5 6 |  6.6
Armour         | 3 4 5 7 8 9 |  9.3
Fighting       | 4 5 6 7 8 |  8.6
Maces & Flails | 1 5 8 12 13 | 13.9
Stealth        | 1 3 4 |  4.1
Throwing       | |  0.9

Action                     |  1- 3 |  4- 6 |  7- 9 | 10-12 || total
---------------------------+-------+-------+-------+-------++-------
  Melee: Falchion          |    82 |   154 |   142 |       ||   378
         Punch             |     1 |     5 |     5 |     1 ||    12
         Shillelagh        |       |       |   128 |   173 ||   301
  Throw: Javelin           |       |       |       |     3 ||     3
 Invoke: Berserk           |     1 |     4 |     6 |     2 ||    13
         Brothers in Arms  |       |       |       |     1 ||     1
    Use: Scroll            |       |     4 |    17 |       ||    21
   Stab: Sleeping          |       |       |       |     2 ||     2
 Armour: Animal skin       |    16 |       |       |       ||    16
         Ring mail         |    11 |   114 |    91 |       ||   216
         Scale mail        |       |       |   121 |   130 ||   251
  Dodge: Dodged            |    59 |   140 |   228 |   120 ||   547
